 Dungeon Crawl Stone Soup version 0.30.1-9-gdf580d7c3d (webtiles) character file.

Game seed: 2091178967914324822

1270 Ivernyr the Twirler (level 8, -2/42 HPs)
             Began as a Vine Stalker Gladiator on Sept 26, 2023.
             Was an Initiate of Wu Jian.
             Slain by Maggie
             ... wielding a +1 war axe of flaming
              (4 damage)
             ... on level 7 of the Dungeon.
             The game lasted 00:07:49 (4210 turns).

Ivernyr the Twirler (Vine Stalker Gladiator)        Turns: 4210, Time: 00:07:50

Health: -2/42      AC:  5    Str: 19    XL:     8   Next: 53%
Magic:  0/9        EV: 13    Int:  8    God:    Wu Jian [......]
Gold:   239        SH:  0    Dex: 16    Spells: 7/7 levels left

rFire   . . .        a - +0 quarterstaff
rCold   . . .        (shield currently unavailable)
rNeg    + . .        b - +0 leather armour
rPois   .            o - +0 helmet "Utiderch" {rN+ Will+}
rElec   .            (no cloak)
rCorr   .            (no gloves)
SInv    .            z - +0 pair of boots
Will    ++...        f - amulet of magic regeneration
Stlth   +            (no ring)
HPRegen 1.07/turn    (no ring)
MPRegen 0.51/turn

%: guardian spirit
@: no status effects
A: fangs 3, regeneration 1, magic shield, antimagic bite, no potion heal 2
a: Renounce Religion


You were on level 7 of the Dungeon.
You worshipped Wu Jian.
Wu Jian was noncommittal.
You visited 2 branches of the dungeon, and saw 9 of its levels.

You collected 239 gold pieces.

Inventory:

Hand Weapons
 a - a +0 quarterstaff (weapon)
Missiles
 d - 3 throwing nets (quivered)
 e - a javelin
Armour
 b - a +0 leather armour (worn)
 o - the +0 helmet "Utiderch" (worn) {rN+ Will+}
   (You found it on level 4 of the Dungeon)

   rN:        It protects you from negative energy.
   Will:      It increases your willpower.
 z - a +0 pair of boots (worn)
Jewellery
 f - an amulet of magic regeneration (around neck)
 r - a +4 ring of protection
 x - a ring of ice
 y - a ring of fire
Scrolls
 c - a scroll of vulnerability {unknown}
 g - 2 scrolls of enchant armour {unknown}
 i - a scroll of butterflies {unknown}
 j - 7 scrolls of identify {unknown}
 k - a scroll of fear {unknown}
 l - a scroll of magic mapping {unknown}
 s - a scroll of acquirement {unknown}
 t - 2 scrolls of noise {unknown}
 u - a scroll of torment {unknown}
 v - 4 scrolls of fog {unknown}
 w - a scroll of brand weapon {unknown}
 A - a scroll of blinking {unknown}
 B - a scroll of amnesia {unknown}
Potions
 h - a potion of resistance
 m - a potion of brilliance
 n - a potion of curing {unknown}
 p - 2 potions of heal wounds {unknown}
 q - a potion of degeneration {unknown}


   Skills:
 + Level 4.4 Fighting
 * Level 6.4 Staves
 - Level 1.7 Throwing
 + Level 3.5 Armour
 + Level 4.4 Dodging


You had 7 spell levels left.
You didn't know any spells.
Your spell library contained the following spells:

 Spells                   Type           Power      Damage    Failure   Level
 Iskenderun's Battlesphe  Conj           0%         2d6       100%        5
 Iron Shot                Conj/Erth      0%         9d1       100%        6
 Spellforged Servitor     Conj/Summ      0%         N/A       100%        7


Dungeon Overview and Level Annotations

Branches:
Dungeon (8/15)             Temple (1/1) D:5
   Lair: D:8-11

Altars:
Ashenzari
Cheibriados
Dithmenos
Fedhas
Gozag
Hepliaklqana
Okawaru
Qazlal
Ru
Sif Muna
Trog
Uskayaw
Vehumet
Wu Jian
Xom
Yredelemnul
The Shining One

Shops:
D:1 !   D:3 (

Annotations:
D:7 Maggie


Innate Abilities, Weirdness & Mutations

You have razor-sharp teeth.
Your natural rate of healing is unusually fast.
When hurt, damage is shared between your health and your magic reserves.
Your bite disrupts and absorbs the magic of your enemies.
Potions cannot restore your health.


Message History

Maggie is lightly wounded.
Maggie casts a spell.
Maggie attempts to bespell you! You resist with almost no effort.
You sock Maggie! You bite Maggie, but do no damage.
Maggie is moderately wounded.
Maggie gestures wildly while chanting.
Maggie attempts to bespell you! You resist with almost no effort.
You closely miss Maggie. You bite Maggie, but do no damage.
Maggie is moderately wounded.
Maggie barely misses you.
You closely miss Maggie. You bite Maggie!
Maggie's magic leaks into the air.
You drain her magic.
Maggie is heavily wounded.
Maggie closely misses you.
You barely miss Maggie.
Maggie is heavily wounded.
Maggie falters for a moment.
You hit Maggie but do no damage.
Maggie is heavily wounded.
Maggie hits you with a +1 war axe of flaming!
Maggie burns you.
You hit Maggie. You bite Maggie, but do no damage.
Maggie is heavily wounded.
Maggie barely misses you.
You hit Maggie. Your bite misses Maggie.
Maggie is severely wounded.
Maggie hits you with a +1 war axe of flaming!!
Maggie burns you.
You sock Maggie! You bite Maggie, but do no damage.
Maggie is almost dead.
Maggie hits you with a +1 war axe of flaming.
* * * LOW HITPOINT WARNING * * *
Maggie burns you.
* * * LOW HITPOINT WARNING * * *
You hit Maggie. Your bite misses Maggie.
Maggie is almost dead.
Maggie hits you with a +1 war axe of flaming!
* * * LOW HITPOINT WARNING * * *
Maggie burns you.
You die...

#..... #....
####.... #.......
#......# #......#
.# #....@># .#
#.....@#########.#
#...............#
####+
#......###.#....#
#...> #......#
#.#....# #....
........###.#....#
#....
.....##.#...#....#
#.... .....
#.#####....###....
.....
#..........'.'....
.$
#######....###....


You could see Maggie (magic disrupted).

Vanquished Creatures
  A two-headed ogre (D:5)
  An orc warrior (D:7)
  A sky beast (D:7)
  An ogre (D:4)
  A scorpion (D:3)
  A hound (D:7)
  3 jellies
  An orc priest (D:7)
  2 iguanas
  9 adders
  An ufetubus (D:2)
  2 worms
  4 dart slugs
  3 orcs
  9 bats
  5 endoplasms
  A giant cockroach (D:1)
  6 goblins
  5 hobgoblins
  4 jackals
  2 kobolds
  6 quokkas
  5 ball pythons
  3 frilled lizards
  5 rats
82 creatures vanquished.

Notes
Turn   | Place    | Note
-------+----------+-------------------------------------------
     0 | D:1      | Ivernyr the Vine Stalker Gladiator began the quest for the
                  | Orb.
     0 | D:1      | Reached XP level 1. HP: 11/11 MP: 2/2
   103 | D:1      | Found Ecug Esk's Distillery.
   133 | D:1      | Reached XP level 2. HP: 14/15 MP: 3/3
   243 | D:1      | Reached skill level 3 in Staves
   415 | D:1      | Found a faded altar of an unknown god.
   689 | D:2      | Reached XP level 3. HP: 14/18 MP: 4/4
   918 | D:2      | Reached skill level 1 in Armour
  1042 | D:2      | Gained mutation: Your natural rate of healing is unusually
                  | fast. [Vine Stalker growth]
  1042 | D:2      | Reached XP level 4. HP: 20/23 MP: 5/5
  1349 | D:3      | Found Uzunlitt's Weapon Boutique.
  1525 | D:4      | Noticed a scorpion
  1538 | D:3      | HP: 1/23 [ufetubus (3)]
  1581 | D:3      | Reached XP level 5. HP: 27/27 MP: 6/6
  1604 | D:3      | Reached skill level 4 in Staves
  1649 | D:4      | Identified the +0 helmet "Utiderch" {rN+ Will+}
  1862 | D:4      | Reached XP level 6. HP: 29/32 MP: 5/7
  2452 | D:5      | Entered Level 5 of the Dungeon
  2532 | D:5      | Noticed a two-headed ogre
  2555 | D:5      | Killed a two-headed ogre
  2556 | D:5      | Reached skill level 5 in Staves
  2556 | D:5      | Reached XP level 7. HP: 14/37 MP: 8/8
  2556 | D:5      | Gained mutation: You have razor-sharp teeth. [Vine Stalker
                  | growth]
  2556 | D:5      | Reached XP level 8. HP: 16/42 MP: 9/9
  3040 | D:5      | Found a staircase to the Ecumenical Temple.
  3049 | Temple   | Entered the Ecumenical Temple
  3186 | Temple   | Became a worshipper of the Wu Jian Council
  3873 | D:6      | Reached skill level 6 in Staves
  3945 | D:6      | You fall into a shaft and drop 2 floors!
  4197 | D:7      | Noticed Maggie
  4210 | D:7      | HP: 2/42 [Maggie/+1 war axe of flaming (8)]
  4210 | D:7      | Slain by Maggie

Illustrated notes

Levels and vault maps discovered:
D:1:      dpeg_arrival_orchard, layout_rooms, serial_shops, shop,
          shapermc_ecumenical_altar_mp_vishouse, minmay_tree_intersection
D:2:      layout_basic
D:3:      layout_rooms, serial_shops, nicolae_shop_just_a_little_nook
D:4:      layout_basic, grunt_decor_mini_mirrors
D:5:      layout_layer_cave, temple_green
D:6:      layout_loops_corners, uniq_blork_the_orc
D:7:      layout_basic, lemuel_mausoleum_altar_kikubaaqudgha, enter_bailey_2,
          uniq_maggie
D:8:      layout_loops_corners
Temple:   nicolae_temple_slightly_damp_pantheon

Skill      XL: |  1  2  3  4  5  6  7  8 |
---------------+-------------------------+-----
Fighting       | 2 4 |  4.4
Staves         | 3 4 5 6 |  6.4
Armour         | 1 3 |  3.5
Dodging        | 3 4 |  4.4
Throwing       | |  1.7

Action                     |  1- 3 |  4- 6 |  7- 9 || total
---------------------------+-------+-------+-------++-------
  Melee: Quarterstaff      |    77 |    96 |    69 ||   242
         Bite              |    15 |    24 |    21 ||    60
    Use: Potion            |       |     4 |       ||     4
   Stab: Sleeping          |     1 |       |     1 ||     2
         Distracted        |     1 |       |       ||     1
 Armour: Leather armour    |    22 |    43 |    12 ||    77
  Dodge: Dodged            |    56 |    96 |    30 ||   182
